 Dungeon Crawl Stone Soup version 0.31-a0-4-gefa6de2278 (webtiles) character file.

Game seed: 3515967229105985911

2191 themarg the Zephyrmancer (level 9, -9/48 HPs)
             Began as a Tengu Air Elementalist on May 4, 2023.
             Was an Elder of Hepliaklqana.
             Mangled by a wight
             ... wielding a +4 long sword
              (12 damage)
             ... on level 7 of the Dungeon.
             The game lasted 00:23:31 (8243 turns).

themarg the Zephyrmancer (Tengu Air Elementalist)   Turns: 8243, Time: 00:23:32

Health: -9/48      AC:  5    Str:  8    XL:     9   Next: 33%
Magic:  2/14       EV: 15    Int: 19    God:    Hepliaklqana [****..]
Gold:   459        SH:  0    Dex: 16    Spells: 7/14 levels left

rFire   . . .        C - +2 short sword (venom)
rCold   + . .        (no shield)
rNeg    . . .        a - +0 robe
rPois   .            (helmet restricted)
rElec   .            p - +1 cloak
rCorr   .            w - +0 pair of gloves
SInv    .            (boots unavailable)
Will    +....        (no amulet)
Stlth   ++           y - ring of willpower
HPRegen 0.28/turn    m - ring of protection from cold
MPRegen 0.14/turn

%: no passive effects
@: flying quickly and evasively, quick
A: reduced essence, beak, talons 3, nimble flight
a: Renounce Religion, Recall Ancestor, Ancestor Identity, Transference, Idealise


You were on level 7 of the Dungeon.
You worshipped Hepliaklqana.
Hepliaklqana was greatly pleased with you.
You visited 1 branch of the dungeon, and saw 7 of its levels.

You collected 459 gold pieces.

Inventory:

Hand Weapons
 C - a +2 short sword of venom (weapon)
Missiles
 h - 2 datura-tipped darts
 j - 71 stones
 v - 6 boomerangs
 z - 3 silver boomerangs
 G - 3 throwing nets
 I - 10 poisoned darts
Armour
 a - a +0 robe (worn)
 p - a +1 cloak (worn)
 w - a +0 pair of gloves (worn)
 B - a +0 buckler
Jewellery
 c - a ring of see invisible
 m - a ring of protection from cold (right hand)
 o - a +5 ring of evasion
 y - a ring of willpower (left hand)
Wands
 x - a wand of roots (14)
 D - a wand of flame (19)
 H - a wand of mindburst (17)
Scrolls
 d - 5 scrolls of teleportation
 f - a scroll of fog
 g - 2 scrolls of silence
 k - 2 scrolls of poison
 l - a scroll of enchant weapon
 q - a scroll of immolation {unknown}
 r - 2 scrolls of blinking
 s - a scroll of fear {unknown}
 t - 2 scrolls of summoning
 E - a scroll of amnesia {unknown}
 J - 2 scrolls of enchant armour {unknown}
Potions
 b - 4 potions of magic
 e - a potion of might
 i - 2 potions of mutation
 n - a potion of invisibility {unknown}
 u - 3 potions of curing
 A - a potion of haste
 F - a potion of lignification
 K - a potion of heal wounds {unknown}


   Skills:
 - Level 5.0 Fighting
 - Level 2.0 Throwing
 - Level 2.1 Dodging
 - Level 2.0 Stealth
 + Level 3.9 Shields
 - Level 3.0 Spellcasting
 - Level 3.0 Conjurations
 - Level 10.0 Air Magic
 - Level 5.0 Invocations
 - Level 2.0 Evocations


You had 7 spell levels left.
You knew the following spells:

 Your Spells              Type           Power      Damage    Failure   Level
a - Shock                 Conj/Air       100%       1d9       1%          1
b - Static Discharge      Conj/Air       54%        2-5/arc   1%          2
c - Airstrike             Air            20%        2d(3-19)  2%          4

Your spell library contained the following spells:

 Spells                   Type           Power      Damage    Failure   Level
 Swiftness                Air            40%        N/A       1%          3
 Momentum Strike          Conj/Tloc      16%        3d8       12%         2
 Blink                    Tloc           4%         N/A       22%         2
 Lesser Beckoning         Tloc           4%         N/A       22%         2


Dungeon Overview and Level Annotations

Branches:
Dungeon (7/15)             Temple (0/1) D:7

Altars:
Cheibriados
Dithmenos
Elyvilon
Hepliaklqana
Wu Jian

Annotations:
D:6 exclusion: door, Dowan, Duvessa


Innate Abilities, Weirdness & Mutations

Your life essence is reduced to manifest your ancestor. (-10% HP)
You have a beak for a mouth.
You have claws for feet.
Your magical nature lets you fly swiftly and evasively.


Message History

The bullfrog is struck by an arc of lightning.
The bullfrog is severely wounded.
The lightning grounds out.
The bullfrog misses you. The bullfrog hits you.
The bullfrog hits Gong but does no damage.
The bullfrog barely misses you. The wight barely misses you.
The bullfrog hits you but does no damage.
The bullfrog is struck by an arc of lightning.
The bullfrog is moderately wounded.
The bullfrog is struck by an arc of lightning.
The bullfrog is severely wounded.
The lightning grounds out.
The bullfrog barely misses Gong.
The bullfrog misses you.
Gong hits the bullfrog with a +0 flail.
The bullfrog hits you.
The wight hits you with a +4 long sword.
You feel drained.
The bullfrog hits Gong.
Gong avoids your attack.
The bullfrog is struck by an arc of lightning.
The bullfrog is heavily wounded.
The bullfrog is struck by an arc of lightning.
The bullfrog is severely wounded.
You are struck by an arc of lightning.
The bullfrog is struck by an arc of lightning.
You kill the bullfrog!
The lightning grounds out.
The bullfrog misses you.
The bullfrog hits Gong but does no damage.
Gong hits the bullfrog with a +0 flail.
The wight hits you with a +4 long sword!
* * * LOW HITPOINT WARNING * * *
The bullfrog hits you but does no damage.
Your life force feels restored.
The bullfrog is struck by an arc of lightning.
The bullfrog is heavily wounded.
You are struck by an arc of lightning.
* * * LOW HITPOINT WARNING * * *
The bullfrog is struck by an arc of lightning.
The bullfrog is severely wounded.
The lightning grounds out.
Gong blocks the bullfrog's attack.
The bullfrog misses you.
The wight hits you with a +4 long sword!
You die...

#.# #.#.. #.##### #.... #.....#
#..## ### ####.###.### #..# ).#
####..).#.#...# ######..## #.#
#.....###.###.###.........
#.######.#...#⌠..$⌠#...#.######..
..##....R.[###..z.$###.#.# ##.
..##.#####.#..FR@....#.#.# #..
R.##.# #.###[.F..###...# #..
.)##.# #...#⌠...⌠#.....# #..
..##.### ###.###.###.....# ###
#......# ###...#.#...###.#
...#...# #.....###.......#
...#.R.###.#.#.....############
.)###...##.#.###.####.........#
.).......#.#.# #.# #.#######.#


You could see the friendly Gong the knight, 2 bullfrogs and a wight.

Vanquished Creatures
  A water moccasin (D:6)
  A sky beast (D:7)
  2 ice beasts
  3 ogres
  2 centaurs
  A phantom (D:6)
  A kobold brigand (D:6)
  A bullfrog (D:7)
  2 scorpions
  A jelly (D:6)
  3 hounds
  An orc priest (D:7)
  A gnoll bouda (D:7)
  An iguana (D:7)
  A sleepcap (D:4)
  4 orc wizards
  8 gnolls
  3 adders
  A shadow imp (D:7)
  An ufetubus (D:4)
  14 orcs
  4 ball pythons
  5 bats
  5 endoplasms
  4 giant cockroaches
  9 goblins
  8 hobgoblins
  7 kobolds
  A quokka (D:4)
  6 frilled lizards
  3 rats
105 creatures vanquished.

Vanquished Creatures (collateral kills)
  A wyvern (D:7)
  2 orc warriors (D:7)
  A scorpion (D:4)
  A howler monkey (D:4)
  An orc priest (D:7)
  An iguana (D:6)
  3 gnolls
  An adder (D:3)
  A white imp (D:5)
  A worm (D:2)
  5 orcs
  2 endoplasms (D:4)
  A giant cockroach (D:2)
  A quokka (D:4)
  A frilled lizard (D:3)
  A kobold (D:6)
24 creatures vanquished.

Vanquished Creatures (others)
  A knight (D:3)
1 creature vanquished.

Grand Total: 130 creatures vanquished

Notes
Turn   | Place    | Note
-------+----------+-------------------------------------------
     0 | D:1      | themarg the Tengu Air Elementalist began the quest for the
                  | Orb.
     0 | D:1      | Reached XP level 1. HP: 10/10 MP: 4/4
    25 | D:1      | Found a faded altar of an unknown god.
    27 | D:1      | Prayed at the altar of an unknown god.
    27 | D:1      | Became a worshipper of Hepliaklqana the Forgotten
    27 | D:1      | Reached * piety under Hepliaklqana
   225 | D:1      | Reached XP level 2. HP: 13/13 MP: 4/6
   235 | D:1      | Learned a level 2 spell: Static Discharge
   987 | D:2      | Reached XP level 3. HP: 17/17 MP: 3/7
  1210 | D:2      | Reached ** piety under Hepliaklqana
  1211 | D:2      | Remembered your ancestor Gong as a knight
  1304 | D:2      | Reached skill level 5 in Air Magic
  1967 | D:3      | Reached XP level 4. HP: 21/21 MP: 4/8
  2196 | D:3      | Reached skill level 6 in Air Magic
  2215 | D:3      | You fall into a shaft and drop 3 floors!
  2299 | D:5      | Entered Level 5 of the Dungeon
  2329 | D:4      | Noticed a scorpion
  2334 | D:4      | Reached skill level 1 in Fighting
  2361 | D:4      | Killed a scorpion
  2362 | D:4      | Reached skill level 7 in Air Magic
  2362 | D:4      | Gained mutation: Your magical nature lets you fly swiftly
                  | and evasively. [Tengu growth]
  2362 | D:4      | Reached XP level 5. HP: 26/26 MP: 3/9
  2369 | D:4      | Learned a level 4 spell: Airstrike
  2564 | D:4      | Noticed an ice beast
  2591 | D:4      | Killed an ice beast
  2592 | D:4      | Reached skill level 8 in Air Magic
  2592 | D:4      | Reached XP level 6. HP: 30/30 MP: 0/10
  3250 | D:3      | Found a hazy altar of Hepliaklqana.
  3312 | D:3      | Reached *** piety under Hepliaklqana
  3362 | D:3      | Found a white marble altar of Elyvilon.
  3764 | D:4      | Reached skill level 9 in Air Magic
  4021 | D:4      | Reached XP level 7. HP: 33/34 MP: 2/11
  4498 | D:5      | Reached skill level 10 in Air Magic
  4763 | D:5      | Identified the +1 robe "Xif Sawudder" {Harm Fly rPois
                  | Str-2}
  4783 | D:5      | Reached skill level 1 in Invocations
  4966 | D:5      | Found an ornate altar of the Wu Jian Council.
  5001 | D:5      | Found a snail-covered altar of Cheibriados.
  5179 | D:5      | Reached XP level 8. HP: 40/40 MP: 8/13
  5408 | D:6      | Found a shadowy altar of Dithmenos.
  5521 | D:6      | Reached **** piety under Hepliaklqana
  5960 | D:6      | Noticed Duvessa
  5960 | D:6      | Noticed Dowan
  6594 | D:7      | Found a staircase to the Ecumenical Temple.
  6700 | D:7      | Reached skill level 5 in Fighting
  6927 | D:7      | Reached skill level 5 in Invocations
  7352 | D:7      | Reached skill level 1 in Throwing
  7352 | D:7      | Reached skill level 1 in Shields
  7352 | D:7      | Reached skill level 1 in Evocations
  7352 | D:7      | Reached XP level 9. HP: 48/48 MP: 5/14
  8243 | D:7      | Mangled by a wight

Illustrated notes

Levels and vault maps discovered:
D:1:      shiori_arrival_maze, layout_basic, chequers_ecumenical_altar_twisty,
          minmay_hexomino_c4
D:2:      layout_basic
D:3:      layout_rooms, marbit_many_paths, worldfamousw_hep_ancestral_shrine,
          wander_ebering_terrifying_dragon_lair
D:4:      layout_gridville, minmay_crossroads
D:5:      layout_gridville, mainiacjoe_overflow_concentric_impassable,
          mainiacjoe_overflow_boulevard
D:6:      dreamdust_elfheim, layout_basic, mainiacjoe_overflow_small_starburst
D:7:      layout_loops_ring, minmay_temple_entry_tees, nicolae_fountain_basement

Skill      XL: |  1  2  3  4  5  6  7  8  9 |
---------------+----------------------------+-----
Conjurations   | 2 3 |  3.0
Air Magic      | 5 7 8 9 10 | 10.0
Fighting       | 1 2 5 |  5.0
Spellcasting   | 3 |  3.0
Invocations    | 2 5 |  5.0
Throwing       | 1 2 |  2.0
Shields        | 1 3 |  3.9
Evocations     | 1 2 |  2.0
Dodging        | |  2.1
Stealth        | |  2.0

Action                     |  1- 3 |  4- 6 |  7- 9 || total
---------------------------+-------+-------+-------++-------
  Melee: Dagger            |     1 |    16 |       ||    17
         Short sword       |       |     2 |     1 ||     3
         Kick              |       |     2 |     1 ||     3
         Peck              |       |     2 |       ||     2
   Cast: Shock             |    49 |    54 |    37 ||   140
         Static Discharge  |     6 |    16 |    16 ||    38
         Airstrike         |       |     4 |    48 ||    52
 Invoke: Ancestor Life: Kn |     1 |       |       ||     1
         Ancestor Identity |     1 |       |       ||     1
         Recall Ancestor   |       |     3 |     6 ||     9
    Use: Scroll            |       |     5 |     6 ||    11
         Potion            |       |     1 |       ||     1
 Armour: Robe              |     1 |    12 |     3 ||    16
  Dodge: Dodged            |     4 |    19 |    21 ||    44

Table legend: (Time is in decaauts)
 A = Elapsed time spent in this place.
 B = Non-inter-level travel time spent in this place.
 C = Inter-level travel time spent in this place.
 D = Time resting spent in this place.
 E = Time spent auto-exploring this place.
 F = Levels seen in this place.
 G = Mean time per level.
                   A        B        C        D        E       F      G
               +--------+--------+--------+--------+--------+-----+--------+
         Total |   7961 |   7789 |    172 |   1439 |   5273 |   7 | 1137.3 |
       Dungeon |   7961 |   7789 |    172 |   1439 |   5273 |   7 | 1137.3 |
               +--------+--------+--------+--------+--------+-----+--------+

Top non-repeatable levels by time:
     D:7: 1543 daAuts
     D:4: 1461 daAuts
     D:6: 1331 daAuts
     D:2: 1121 daAuts
     D:1: 942 daAuts
     D:5: 857 daAuts
     D:3: 704 daAuts
